Cogmind - Beta 13 @@@ ROGUE MODE // 2024.07.15 @ 22:41:09 Player: ywiktor Result: Self-destructed Performance ------------- Evolutions (1) 500 Regions Visited (5) 1000 Robots Destroyed (38) 190 Value Destroyed (982) 982 Prototype IDs (4) 80 Alien Tech Used (0) 0 Bonus (172) 172 TOTAL SCORE: 2924 Bonus ------- High Alert Combat Kills 26 Aligned with FarCom 300 Friendly Fire -154 Cogmind --------- Core Integrity 241/400 Matter 270/300 Energy 202/250 System Corruption 2% Temperature Cool (0) Movement Walking (120) Location -9/Exiles Parts ------- > --- POWER (1) -------- Ion Engine > --- PROPULSION (4) --- Aluminum Leg Aluminum Leg Aluminum Leg Aluminum Leg > --- UTILITY (2) ------ Modified TNC Targeting Computer > --- WEAPON (2) ------- (None) > --- INVENTORY (5) ---- Improved Ion Engine Machine Analyzer Spread Laser Heavy Assault Rifle Rocket Launcher Peak State ------------ > --- POWER ------------ Ion Engine > --- PROPULSION ------- Aluminum Leg Aluminum Leg Aluminum Leg Aluminum Leg > --- UTILITY ---------- Targeting Computer > --- WEAPON ----------- YOLO Cannon > --- INVENTORY -------- Improved Ion Engine Machine Analyzer Spread Laser Heavy Assault Rifle Rocket Launcher [Rating: 27] Favorites ----------- Power Ion Engine Engine Ion Engine Propulsion Aluminum Leg Treads Light Treads Leg Aluminum Leg Utility Small Storage Unit Device Cloak of Protection Storage Small Storage Unit Processor Targeting Computer Weapon Assault Rifle Energy Gun Pulse Rifle Energy Cannon EM Pulse Cannon Ballistic Gun Assault Rifle Ballistic Cannon Improved Light Cannon Build | -11 -10 -10 -9 -9 -9 ------- Run | Yrd Mat Min Mat Min Exi Slots Evolved 2 | . . . 2 . . Power . | . . . . . . Propulsion 2 | . . . 2 . . Utility . | . . . . . . Weapon . | . . . . . . Parts Attached 38 | 7 3 2 20 3 3 Power 5 | 1 1 . 2 1 . Engine 5 | 1 1 . 2 1 . Core . | . . . . . . Reactor . | . . . . . . Propulsion 13 | 2 . . 9 2 . Treads 3 | . . . 3 . . Leg 10 | 2 . . 6 2 . Wheel . | . . . . . . Hover . | . . . . . . Flight . | . . . . . . Utility 4 | 1 1 . . . 2 Device 1 | . . . . . 1 Storage 1 | 1 . . . . . Processor 2 | . 1 . . . 1 Hackware . | . . . . . . Protection . | . . . . . . Artifact . | . . . . . . Weapon 16 | 3 1 2 9 . 1 Energy Gun 7 | 2 . 1 4 . . Energy Cannon 2 | . . . 1 . 1 Ballistic Gun 5 | 1 1 1 2 . . Ballistic Cannon 2 | . . . 2 . . Launcher . | . . . . . . Special Weapon . | . . . . . . Impact Weapon . | . . . . . . Slashing Weapon . | . . . . . . Piercing Weapon . | . . . . . . Special Melee Weapon . | . . . . . . Unidentified Prototypes 4 | . . . 1 . 3 Parts Lost 11 | . . 4 7 . . Power 2 | . . 1 1 . . Propulsion 4 | . . 1 3 . . Utility . | . . . . . . Weapon 5 | . . 2 3 . . Highest Loss Streak 4 | . . 4 4 . . To Critical Strikes . | . . . . . . Average Slot Usage (%) 92 | . 94 89 90 97 97 Engine 10 | . 14 9 9 11 11 Treads 4 | . . . 9 2 . Leg 29 | . 28 24 27 38 44 Storage 12 | . 14 14 11 11 10 Processor 10 | . 9 14 11 11 11 Energy Gun 4 | . 1 4 4 11 10 Energy Cannon 2 | . . . 4 . . Ballistic Gun 13 | . 26 21 3 11 10 Ballistic Cannon 4 | . . . 8 . . Naked Turns . | . . . . . . Heaviest Build 20 | 14 14 11 20 16 16 Greatest Support 40 | 20 20 20 40 40 40 Greatest Overweight (x) 1 | . . . 1 . . Average Overweight (x) . | . . . . . . Largest Inventory Capacity 8 | 8 8 8 8 8 8 Average Capacity 7 | 6 8 8 8 8 7 Most Carried 8 | 4 8 8 8 8 8 Average Carried 6 | 1 6 7 7 8 7 Final Capacity 8 | 8 8 8 8 8 5 Final Carried 8 | 4 8 6 8 8 5 Class Distribution -------------------- 69% | Mutant 30% | Scavenger-Mutant Dominant Class ---------------- Mutant | -10/Materials Mutant | -10/Mines Mutant | -9/Materials Scavenger-Mutant | -9/Mines Scavenger-Mutant | -9/Exiles Resources | -11 -10 -10 -9 -9 -9 ----------- Run | Yrd Mat Min Mat Min Exi Matter Collected 960 | 263 137 94 424 42 . Remotely . | . . . . . . Salvage Created 1075 | . 181 94 735 65 . Parts 80 | . 17 1 58 4 . Haulers Intercepted . | . . . . . . Recyclers Shooed 1 | . . . 1 . . Parts Field Recycled . | . . . . . . Retrieved Matter . | . . . . . . Parts Self-Destructed . | . . . . . . Prevented . | . . . . . . Kills | -11 -10 -10 -9 -9 -9 ------- Run | Yrd Mat Min Mat Min Exi Combat Hostiles Destroyed 33 | . 9 2 20 2 . Guns 19 | . 9 2 6 2 . Cannons 14 | . . . 14 . . Classes Destroyed 7 | . 3 . 4 . . Worker 1 | . . . 1 . . Operator 3 | . 1 . 2 . . Watcher 1 | . . . 1 . . Swarmer 13 | . 7 . 6 . . Grunt 14 | . 2 2 8 2 . Brawler 1 | . . . 1 . . Sentry 5 | . . . 5 . . Best Kill Streak 5 | . 4 1 5 2 . Combat Bots Only 4 | . 4 1 4 2 . Max Kills in Single Turn 1 | . 1 1 1 1 . Gunslinging . | . . . . . . Exploded . | . . . . . . Melee . | . . . . . . Uniques/NPCs Destroyed . | . . . . . . Combat | -11 -10 -10 -9 -9 -9 -------- Run | Yrd Mat Min Mat Min Exi Hostile Shots Fired 170 | . 48 28 89 5 . Missed 46 | . 10 5 31 . . Damage Taken 1692 | . 331 316 990 55 . Core 295 | . 46 90 135 24 . Absorbed by Shields . | . . . . . . Core Remaining (%) 72 | 100 . 45 . . . Volleys Fired 113 | . 43 21 45 4 . Largest 2 | . 2 2 2 2 . Hottest 102 | . 40 70 102 86 . Shots Fired 223 | . 86 39 90 8 . Gun 167 | . 86 39 34 8 . Cannon 56 | . . . 56 . . Launcher . | . . . . . . Special . | . . . . . . Kinetic 172 | . 86 28 54 4 . Thermal 16 | . . 11 1 4 . Explosive . | . . . . . . Electromagnetic 35 | . . . 35 . . Robot Hit Streak 25 | . 6 15 18 25 . Robot Miss Streak 5 | . 5 1 3 . . Penetration Max . | . . . . . . Secondary Targets . | . . . . . . Shots Hit Robots 144 | . 40 34 63 7 . Core Hits 52 | . 15 6 28 3 . Critical Kills . | . . . . . . Critical Parts Destroyed 1 | . 1 . . . . Critical Strikes 2 | . 1 1 . . . Burn 1 | . . 1 . . . Destroy 1 | . 1 . . . . Melee Attacks . | . . . . . . Impact . | . . . . . . Slashing . | . . . . . . Piercing . | . . . . . . Sneak Attacks . | . . . . . . Combat Hostiles . | . . . . . . Follow-up Attacks . | . . . . . . Damage Inflicted 2209 | . 431 360 1304 114 . Guns 1286 | . 431 360 381 114 . Cannons 792 | . . . 792 . . Explosions 130 | . . . 130 . . Melee . | . . . . . . Ramming 1 | . . . 1 . . Kinetic 1335 | . 431 237 619 48 . Thermal 278 | . . 123 89 66 . Explosive 57 | . . . 57 . . Electromagnetic 538 | . . . 538 . . Impact . | . . . . . . Slashing . | . . . . . . Piercing . | . . . . . . Highest Corruption 2 | . . . 2 2 2 Average Corruption 2 | . . . 2 2 2 Corruption Purged . | . . . . . . Corruption Blocked . | . . . . . . Effects 14 | . . . 11 . 3 Message Errors 3 | . . . 2 . 1 Matter Fused 4 | . . . 4 . . Heat Flow Errors 1 | . . . 1 . . Energy Discharges 2 | . . . 1 . 1 Data Loss (minor) 4 | . . . 3 . 1 Overload Shots . | . . . . . . Overflow Damage 113 | . . . 113 . . Projectiles 17 | . . . 17 . . Explosions 96 | . . . 96 . . Melee . | . . . . . . Knockbacks 1 | . . . 1 . . Impact . | . . . . . . Kinetic 1 | . . . 1 . . Secondary . | . . . . . . Self-Inflicted Damage 253 | . . . 253 . . Shots 3 | . . . 3 . . Rammed . | . . . . . . Targets Rammed 1 | . . . 1 . . Kicked 1 | . . . 1 . . Crushed . | . . . . . . Highest Temperature 168 | . 12 84 168 90 . Average Temperature 43 | . 7 35 46 50 . Received Heat Transfer 489 | . 42 192 225 30 . Siege Activations . | . . . . . . Robots Corrupted . | . . . . . . Combat Hostiles . | . . . . . . Parts Fried 1 | . . . 1 . . Impact Corruptions . | . . . . . . Robots Melted . | . . . . . . Combat Hostiles . | . . . . . . Parts Melted . | . . . . . . Heat Transferred 729 | . . 444 137 148 . Parts Sabotaged . | . . . . . . Parts Stolen . | . . . . . . Parts Stripped . | . . . . . . Power Chain Reactions 2 | . . . 2 . . Alert | -11 -10 -10 -9 -9 -9 ------- Run | Yrd Mat Min Mat Min Exi Peak Influence 491 | . 211 87 491 241 . Initial 191 | . . 52 29 191 . Average 169 | . 114 62 223 238 . Maximum Alert Level 2 | . 1 . 2 1 . Low Security (%) 63 | 100 73 100 55 . . Level 1 22 | . 26 . 19 100 . Level 2 13 | . . . 25 . . Level 3 . | . . . . . . Level 4 . | . . . . . . Level 5 . | . . . . . . High Security . | . . . . . . Max Security . | . . . . . . Squads Dispatched 3 | . . . 3 . . Investigation 2 | . . . 2 . . Extermination . | . . . . . . Reinforcement 1 | . . . 1 . . Assault . | . . . . . . Garrison . | . . . . . . Intercept . | . . . . . . Searches Triggered . | . . . . . . Construction Impeded . | . . . . . . Haulers Reinforced . | . . . . . . Active Scanning Responses . | . . . . . . Cargo Convoy Interrupts . | . . . . . . Stealth | -11 -10 -10 -9 -9 -9 --------- Run | Yrd Mat Min Mat Min Exi Distress Signals 3 | . 1 . 2 . . Communications Jammed . | . . . . . . Distress Signals . | . . . . . . Times Spotted 59 | . 21 2 35 1 . Peak Tracking Total 6 | . 4 2 6 1 . Tactical Retreats 6 | . 2 . 4 . . Traps | -11 -10 -10 -9 -9 -9 ------- Run | Yrd Mat Min Mat Min Exi Traps Triggered 1 | . . . 1 . . Indirectly . | . . . . . . Trap Hack Attempts . | . . . . . . Triggered . | . . . . . . Disarmed . | . . . . . . Reprogrammed . | . . . . . . Reused . | . . . . . . Traps Extracted . | . . . . . . Installed . | . . . . . . Triggered . | . . . . . . Machines | -11 -10 -10 -9 -9 -9 ---------- Run | Yrd Mat Min Mat Min Exi Machines Disabled 4 | . . . 4 . . Max in Single Turn 2 | . . . 2 . . Machines Repaired . | . . . . . . Machines Dismantled . | . . . . . . Machines Sabotaged . | . . . . . . Overloaded Fab Kills . | . . . . . . Hacking | -11 -10 -10 -9 -9 -9 --------- Run | Yrd Mat Min Mat Min Exi Machines Accessed 11 | . 6 . 5 . . Terminals 11 | . 6 . 5 . . Fabricators . | . . . . . . Repair Stations . | . . . . . . Recycling Units . | . . . . . . Scanalyzers . | . . . . . . Garrison Access . | . . . . . . Total Hacks 24 | . 15 . 9 . . Successful 7 | . 4 . 3 . . Failed 16 | . 10 . 6 . . Catastrophic 4 | . 2 . 2 . . Database Lockouts 1 | . 1 . . . . Manual 27 | . 17 . 9 . 1 Terminals 24 | . 15 . 9 . . Fabricators . | . . . . . . Repair Stations . | . . . . . . Recycling Units . | . . . . . . Scanalyzers . | . . . . . . Garrison Access . | . . . . . . Terminal Hacks 3 | . 2 . 1 . . Part Schematic 1 | . 1 . . . . Branch Access Points 2 | . 1 . 1 . . Fabricator Hacks . | . . . . . . Repair Station Hacks . | . . . . . . Recycling Unit Hacks . | . . . . . . Scanalyzer . | . . . . . . Garrison Access Hacks . | . . . . . . Unauthorized Hacks 4 | . 2 . 2 . . Terminals 4 | . 2 . 2 . . Assimilate 1 | . 1 . . . . Botnet 3 | . 1 . 2 . . Fabricators . | . . . . . . Repair Stations . | . . . . . . Recycling Units . | . . . . . . Scanalyzers . | . . . . . . Garrison Access . | . . . . . . Data Cores Recovered . | . . . . . . Used . | . . . . . . Hacking Detections 9 | . 5 . 4 . . Full Trace Events 1 | . . . 1 . . Feedback Events . | . . . . . . Feedback Blocked . | . . . . . . Robot Schematics Acquired . | . . . . . . Robots Built . | . . . . . . Authchips . | . . . . . . Time . | . . . . . . Total Robot Build Rating . | . . . . . . Part Schematics Acquired 1 | . 1 . . . . Parts Built . | . . . . . . Authchips . | . . . . . . Time . | . . . . . . Total Part Build Rating . | . . . . . . Parts Repaired . | . . . . . . Time . | . . . . . . Parts Recycled . | . . . . . . Recycled Matter . | . . . . . . Retrieved Matter . | . . . . . . Retrieved Components . | . . . . . . Parts Scanalyzed . | . . . . . . Part Schematics Acquired . | . . . . . . Parts Damaged . | . . . . . . Bothacking | -11 -10 -10 -9 -9 -9 ------------ Run | Yrd Mat Min Mat Min Exi Used RIF Installer . | . . . . . . Robots Hacked . | . . . . . . Non-combat . | . . . . . . Combat . | . . . . . . Robot Hacks Applied . | . . . . . . Relay Couplers Released . | . . . . . . Fabnet Peak Effective % . | . . . . . . Robots Rewired . | . . . . . . Allies Hacked . | . . . . . . Hacks Repelled . | . . . . . . Allies | -11 -10 -10 -9 -9 -9 -------- Run | Yrd Mat Min Mat Min Exi Total Allies 1 | . 1 . . . . Largest Group 1 | . 1 . . . . Highest-Rated Group 10 | . 10 . . . . Highest-Rated Ally 10 | . 10 . . . . Total Orders 1 | . 1 . . . . STAY 1 | . 1 . . . . Ally Attacks . | . . . . . . Total Damage . | . . . . . . Kills . | . . . . . . Allies Corrupted . | . . . . . . Allies Melted . | . . . . . . Intel | -11 -10 -10 -9 -9 -9 ------- Run | Yrd Mat Min Mat Min Exi Robot Analysis Total . | . . . . . . Derelict Logs Recovered 1 | . . 1 . . . Drone Launches . | . . . . . . Drone Recoveries . | . . . . . . Exploration | -11 -10 -10 -9 -9 -9 ------------- Run | Yrd Mat Min Mat Min Exi Turns Passed 2335 | 65 730 153 1147 79 161 Spaces Moved 1425 | 46 480 73 647 51 128 Core 6 | 6 . . . . . Treads 267 | . . . 266 1 . Legs 1152 | 40 480 73 381 50 128 Wheels . | . . . . . . Hover . | . . . . . . Flight . | . . . . . . Fastest Speed 50 | 50 120 120 120 120 120 Average Speed 127 | 110 120 120 136 120 120 Slowest Speed 190 | 120 120 120 190 160 120 Overloaded Moves . | . . . . . . Propulsion Burnouts . | . . . . . . Robots Hopped . | . . . . . . Cave-ins Triggered . | . . . . . . Exploration Rate (%) 33 | 3 75 15 53 10 42 Regions Visited 5 Branch Regions 3 Pre-discovered Areas 1 | . . 1 . . . Known Exits Taken 2 | . 1 . 1 . . Unknown Exits Taken 3 | 1 . 1 . 1 . Scrap Searched 1 | . . . . 1 . Spaces Dug . | . . . . . . Terrain Destroyed 34 | . . . 34 . . Melee . | . . . . . . Projectile 2 | . . . 2 . . AOE 32 | . . . 32 . . Terrain Rammed . | . . . . . . Walls Destroyed . | . . . . . . Machines Disabled . | . . . . . . Actions | -11 -10 -10 -9 -9 -9 --------- Run | Yrd Mat Min Mat Min Exi Total 1732 | 56 555 103 822 60 136 Wait 122 | . 27 8 86 1 . Move 1420 | 45 479 72 646 50 128 Hop . | . . . . . . Pick Up 19 | 4 3 . 12 . . Fast Attach 21 | 6 1 . 9 2 3 Attach 10 | . . 2 8 . . Detach 1 | . . . 1 . . Swap 7 | 1 2 . 3 1 . Drop 18 | . . . 11 2 5 Fire 113 | . 43 21 45 4 . Melee . | . . . . . . Ram . | . . . . . . Kick 1 | . . . 1 . . Crush . | . . . . . . Escape Stasis . | . . . . . . Rewire . | . . . . . . Trap . | . . . . . . Miscellaneous . | . . . . . . Route ------- -11/Scrapyard -10/Materials (discovered 4 exits: *Mat x2 / *Min x2) -10/Mines -9/Materials (discovered 3 exits: [*Mat] / *Min x2) -9/Mines (discovered 2 exits: [*Mat] / *Exi) -9/Exiles History --------- Turn | Location | Event 7 | -11/Scrapyard | Discovered new exit (range 16) 66 | -11/Scrapyard | Entered Materials 312 | -10/Materials | Build established: Mutant 342 | -10/Materials | Identified exit to Mines 440 | -10/Materials | Discovered new exit (range 9) 691 | -10/Materials | Central database locked down 735 | -10/Materials | Discovered new exit (range 12) 796 | -10/Materials | Entered Mines 800 | -10/Mines | Met a Derelict bent on vengeance 838 | -10/Mines | Learned location of Recycling (-8) 852 | -10/Mines | Discovered new exit (range 4) 907 | -10/Mines | Core integrity fell below 50% 931 | -10/Mines | Lost 4 parts (1p1n2w) 949 | -10/Mines | Entered Materials 949 | -9/Materials | Evolved 2 slots: Propulsion x2 1031 | -9/Materials | Identified exit to Mines 1726 | -9/Materials | Discovered new exit (range 14) 1868 | -9/Materials | Lost 4 parts (1p1n2w) 2096 | -9/Materials | Entered Mines 2157 | -9/Mines | Discovered new exit (range 5) 2169 | -9/Mines | Deemed a non-threat by the Exiles lab entrance 2170 | -9/Mines | Discovered new exit (range 5) 2175 | -9/Mines | Entered Exiles 2204 | -9/Exiles | Met 8R-AWN 2226 | -9/Exiles | Met EX-HEX 2236 | -9/Exiles | Build established: Scavenger-Mutant 2265 | -9/Exiles | Met EX-BIN 2280 | -9/Exiles | Aligned with FarCom system 2281 | -9/Exiles | Given EX-Vault access code 2313 | -9/Exiles | Opened EX-Vault 2322 | -9/Exiles | Found Prototype Device 2322 | -9/Exiles | Identified Cloak of Protection 2328 | -9/Exiles | Found Prototype Energy Cannon 2328 | -9/Exiles | Identified YOLO Cannon 2335 | -9/Exiles | Found Prototype Processor 2335 | -9/Exiles | Identified Modified TNC 2336 | -9/Exiles | Self-destructed Last Messages --------------- handling other tasks for us. I haven't taken inventory for a while and I'm not sure what's in there now, but if there are more than one of the same prototype you can choose to take all of those and it just counts as your one! 02313_ Connecting with EX-Vault Access... 02313_ Current location identified: Exiles 02320_ System corrupted: Component data lost. 02322_ Dropped Sml. Storage Unit. 02322_ Acquired Prototype Device. 02322_ Identified Cloak of Protection. 02324_ Dropped Cloak of Protection. 02324_ Dropped Pulse Rifle. 02325_ Dropped Hvy. Assault Rifle. 02328_ Acquired Prototype Energy Cannon. 02328_ Identified YOLO Cannon. 02329_ Dropped YOLO Cannon. 02335_ Acquired Prototype Processor. 02335_ Identified Modified TNC. Map ----- +----------------------------------------------------+ | | | | | | | | | | | | | | | | | | | | | | | | | | | | | | | | | | | | | | | | | | | | | | | | | ????????????????????????#########????????????????? | | ????????????????????????#@ [] #????????????????? | | ????????????????????????# *!!! #????????????????? | | ????????????????????????# [= #????????????????? | | ????????????????????????# X#????????????????? | | ????????????????????????## ##????????????????? | | ????????????????????????#X #?????????????????? | | ????????????????????????## #?????????????????? | | ?????????????????????????# #?????????????????? | | ?????????????????????????# #???###???????????? | | ?????????????????????????# #??"""""??????????? | | ?????????????????????????# ## """??????????? | | ?????????????????????????# X""??????????? | | ?????????????????????????# ## """??????????? | | ???????????????????####??# #??"""""??????????? | | ???????????????????"""""?# #???###???????????? | | ??????????????????"""" ## #?????????????????? | | ?????????????????#""X" #?????????????????? | | ?????????????????#" #?????????????????? | | ?????????????????#" ## #?????????????????? | | ?????????????????#""""""?# #?#########???????? | | ??????????????????#"###??# #?#"""""""#???????? | | ?????????????????????????# #?#"""""""#???????? | | ?????????????????????????# #?#"""""""#???????? | | ????????????????????????## ###"" """"#???????? | | ????????????????????????#" """"#???????? | +----------------------------------------------------+ Best States ------------- Heat Dissipation 28 Energy Generation 10 Energy Capacity 250 Matter Stores 300 Matter Capacity 300 Sight Range 16 Terrain Scan Density 10 Evasion (%) 55 Targeting Accuracy 5 Recoil Reduction 2 Item Schematics ----------------- Structural Scanner | -10/Materials | Hacked Robot Schematics ------------------ None Fabricated ------------ Nothing Alien Tech Used ----------------- None Achievements -------------- None Challenges ------------ None Game ------ Seed LinkedFluxMapper Manual? 0 Play Time 00:16:02 Cumulative 36.9 hours Start 2024.07.15 @ 22:26:13 End 2024.07.15 @ 22:41:09 Sessions 1 Manual Loads 0 Difficulty Rogue Special Mode None Game No. 41 Rogue 41 Adventurer 0 Explorer 0 Win Type - Total 0 Types 0/0/0/0/0/0/0/0/0 Lore% 37 Gallery% 37 Achievement% 34 Wizard Run 0 Options --------- Layout 1 ASCII 0 Keyboard 0 Movement Numpad Keybinds 0 Fullscreen 1 Font 32/SmallcapsGlow Map View 50x35 Zoom Use 0% Tactical HUD 1 Map Filters NONE Filters NONE Steam 1 RUN: 33d85d84-d93d-419a-bab2-3ad01a048cbf